 Dungeon Crawl Stone Soup version 0.32-a0-779-g362cfcae2a (webtiles) character file.

Game seed: 4428025493188351092

1383 cforsyth the Firebug (level 8, -3/85 (105) HPs)
             Began as a Mountain Dwarf Cinder Acolyte on Mar 19, 2024.
             Was a High Priest of Ignis.
             Slain by a wight
             ... wielding a +4 halberd
              (4 damage)
             ... on level 6 of the Dungeon.
             The game lasted 00:09:02 (5746 turns).

cforsyth the Firebug (MDCA)                         Turns: 5746, Time: 00:09:04

HP:   -3/85 (105)   AC:  9    Str: 18    XL:     8   Next: 40%
MP:   3/13          EV:  6    Int: 16    God:    Ignis [*****.]
Gold: 406           SH:  0    Dex:  5    Spells: 12/14 levels left

rFire   + + .        i - +1 hand axe "Boipnoti" {vamp, rPois rF+ Stlth+}
rCold   . . .        (no shield)
rNeg    . . .        m - +0 chain mail
rPois   +            (no helmet)
rElec   .            (no cloak)
rCorr   .            (no gloves)
SInv    .            (no boots)
Will    .....        l - amulet of regeneration Stlth
                     (no ring)
HPRegen 1.14/turn    (no ring)
MPRegen 0.13/turn

%: no passive effects
@: berserking, heavily drained, very quick
A: runic magic, artefact enchanting
a: Renounce Religion, Fiery Armour, Foxfire Swarm, Rising Flame


You were on level 6 of the Dungeon.
You worshipped Ignis.
Ignis was extremely pleased with you.
You visited 1 branch of the dungeon, and saw 6 of its levels.
You also visited: Ossuary.

You collected 406 gold pieces.


Innate Abilities, Weirdness & Mutations

Your spellcasting is much less encumbered by armour.
You can use scrolls of enchantment on lesser artefacts.


   Skills:
 + Level 6.0 Fighting
 + Level 6.5 Axes
 + Level 4.7 Armour
 + Level 3.8 Spellcasting
 + Level 6.6 Fire Magic


You had 12 spell levels left.
You knew the following spells:

 Your Spells              Type           Power      Damage    Failure   Level
X - Scorch                Fire           48%        2d7       2%          2

Your spell library contained the following spells:

 Spells                   Type           Power      Damage    Failure   Level
 Sandblast                Erth           6%         2d5       28%         1
 Fugue of the Fallen      Necr           3%         N/A       65%         3
 Ozocubu's Armour         Ice            3%         N/A       65%         3
 Stone Arrow              Conj/Erth      6%         3d7       65%         3
 Brom's Barrelling Bould  Conj/Erth      3%         2d3       96%         4
 Manifold Assault         Tloc           3%         N/A       96%         4

Inventory:

Hand Weapons
 a - a -1 hand axe of flaming
 i - the +1 hand axe "Boipnoti" (weapon) {vamp, rPois rF+ Stlth+}
   (You found it on level 2 of the Dungeon)

   rF+:       It protects you from fire.
   rPois:     It protects you from poison.
   Stlth+:    It makes you more stealthy.
Armour
 b - a +0 robe
 m - a +0 chain mail (worn)
Jewellery
 k - an amulet of guardian spirit
 l - an amulet of regeneration (around neck)
Wands
 n - a wand of charming (4)
Scrolls
 c - a scroll of fog {unknown}
 h - 3 scrolls of enchant weapon {unknown}
 j - a scroll of vulnerability
 q - a scroll of fear {unknown}
 r - 2 scrolls of blinking
 s - a scroll of teleportation {@r2}
Potions
 d - a potion of haste {unknown}
 e - 3 potions of attraction
 f - 3 potions of heal wounds {@q2}
 g - 3 potions of lignification
 p - a potion of curing {@q1}
 t - 3 potions of might {unknown}

Dungeon Overview and Level Annotations

Branches:
Dungeon (6/15)            Ossuary (visited)
 Temple: D:4-7

Altars:
Dithmenos
Hepliaklqana
Makhleb
Yredelemnul
Zin

Annotations:
D:5 Eustachio

....### ###.....##
.........#
..........#
..##............#
#.#.............##
##.../..........5..#
#..##..........z@..#
...............z.z.#
#..............z...#
##.................#
###..........$.....#
..................##
.........##......##
........#######..#
......### ####


You could see 4 wights and an ufetubus.


Message History

You see here a fizzy green potion.
A red film seems to cover your vision as you go berserk!
You feel yourself moving faster!
You feel mighty!
The wight hits you with a +3 great sword of freezing!
* * * LOW HITPOINT WARNING * * *
You feel drained.
* * * LOW HITPOINT WARNING * * *
The wight freezes you.
* * * LOW HITPOINT WARNING * * *
The wight barely misses you. The wight hits you with a +3 war axe.
* * * LOW HITPOINT WARNING * * *
The ufetubus slips past you!
The ufetubus hits you but does no damage. x2
The wight hits you with a +1 flail.
* * * LOW HITPOINT WARNING * * *
Unknown command.
You slash the wight!
The wight is almost destroyed.
You closely miss the wight. You hit the ufetubus. You hit the wight.
The ufetubus barely misses you.
The ufetubus hits you but does no damage.
The wight hits you with a +3 great sword of freezing!
* * * LOW HITPOINT WARNING * * *
You feel drained.
* * * LOW HITPOINT WARNING * * *
The wight freezes you.
* * * LOW HITPOINT WARNING * * *
The wight hits you from afar with a +4 halberd.
You die...
Ignis goes out, and joins you in death.

Skill      XL: |  1  2  3  4  5  6  7  8 |
---------------+-------------------------+-----
Armour         | 1 2 3 4 |  4.7
Fire Magic     | 4 5 6 |  6.6
Axes           | 4 5 6 |  6.5
Fighting       | 4 5 6 |  6.0
Spellcasting   | 2 3 |  3.8

Action                     |  1- 3 |  4- 6 |  7- 9 || total
---------------------------+-------+-------+-------++-------
  Melee: Hand axe          |    72 |   124 |   210 ||   406
   Cast: Scorch            |    22 |    80 |    29 ||   131
  Evoke: Wand              |       |       |     4 ||     4
    Use: Scroll            |       |     7 |     2 ||     9
         Potion            |       |       |     1 ||     1
 Armour: Robe              |    73 |    18 |       ||    91
         Chain mail        |       |   126 |   296 ||   422
  Dodge: Dodged            |    62 |    73 |   115 ||   250

Levels and vault maps discovered:
D:1:      nagdon_arrival_double_spiral, layout_rooms, st_stairs_5,
          minmay_worlds_worst_comb
D:2:      layout_basic, basic_altar, ebering_ecumenical_altar_sacrificial
D:3:      layout_basic, amcnicky_altar_gilded,
          mainiacjoe_overflow_surrounded_room,
          beargit_hepliaklqana_dungeon_heroes, nicolae_the_louvre
D:4:      layout_basic, mainiacjoe_overflow_tiny_flanked,
          kennysheep_generic_room_3
D:5:      layout_basic, mainiacjoe_overflow_alcove_2, enter_ossuary_2,
          uniq_eustachio
D:6:      layout_cave_pods, portal_sewer_entry_e, kb_rosetta, uniq_blork_the_orc

Notes
Turn   | Place    | Note
-------+----------+-------------------------------------------
     0 | D:1      | cforsyth the Mountain Dwarf Cinder Acolyte began the quest
                  | for the Orb.
     0 | D:1      | Reached XP level 1. HP: 19/19 MP: 2/2
   152 | D:1      | Reached XP level 2. HP: 26/26 MP: 3/3
   238 | D:1      | Reached skill level 1 in Armour
   241 | D:1      | Learned a level 2 spell: Scorch
   303 | D:1      | Reached skill level 4 in Fire Magic
   417 | D:1      | Reached skill level 4 in Axes
   417 | D:1      | Reached XP level 3. HP: 19/31 MP: 2/5
  1297 | D:2      | Found a shadowy altar of Dithmenos.
  1355 | D:1      | Reached XP level 4. HP: 34/40 MP: 1/6
  1472 | D:2      | Reached skill level 4 in Fighting
  1586 | D:2      | Identified the +1 hand axe "Boipnoti" {vamp, rPois rF+
                  | Stlth+}
  1764 | D:2      | Found a faded altar of an unknown god.
  2319 | D:3      | Reached skill level 2 in Armour
  2373 | D:3      | Reached XP level 5. HP: 46/46 MP: 2/7
  2427 | D:3      | Found a glowing silver altar of Zin.
  2608 | D:3      | Reached skill level 2 in Spellcasting
  3119 | D:3      | Found a basalt altar of Yredelemnul.
  3251 | D:3      | Noticed Jessica
  3252 | D:3      | Found a hazy altar of Hepliaklqana.
  3257 | D:3      | Killed Jessica
  3292 | D:3      | Found a faded altar of an unknown god.
  3531 | D:4      | Reached XP level 6. HP: 53/53 MP: 0/9
  3619 | D:4      | Found a burning altar of Makhleb.
  3768 | D:4      | Noticed an ice beast
  3798 | D:4      | Killed an ice beast
  3799 | D:4      | Reached skill level 5 in Axes
  3799 | D:4      | Reached skill level 5 in Fire Magic
  3832 | D:4      | Reached skill level 3 in Armour
  4541 | D:5      | Entered Level 5 of the Dungeon
  4628 | D:5      | Found a sand-covered staircase.
  4633 | Ossuary  | Entered an ossuary
  4698 | Ossuary  | Reached XP level 7. HP: 59/60 MP: 11/11
  4748 | Ossuary  | Reached skill level 5 in Fighting
  4841 | Ossuary  | Reached skill level 3 in Spellcasting
  5096 | D:5      | Reached skill level 4 in Armour
  5096 | D:5      | Reached skill level 6 in Fire Magic
  5309 | D:5      | Noticed Eustachio
  5320 | D:6      | Reached skill level 6 in Axes
  5411 | D:6      | Noticed Blork the orc
  5424 | D:6      | Killed Blork the orc
  5425 | D:6      | Reached XP level 8. HP: 66/70 MP: 2/13
  5612 | D:6      | Noticed a kobold demonologist
  5644 | D:6      | Reached skill level 6 in Fighting
  5693 | D:6      | Noticed a hellwing
  5693 | D:6      | Noticed an orange demon
  5746 | D:6      | HP: 7/88 [wight/+3 great sword of freezing (16)]
  5746 | D:6      | HP: 1/85 [wight/+3 great sword of freezing (3)]
  5746 | D:6      | Slain by a wight

Vanquished Creatures
  A water moccasin (D:5)
  An orc warrior (D:6)
  An ice beast (D:4)
  An elf zombie (Ossuary)
  Blork the orc (D:6)
  3 bullfrogs (D:6)
  2 centaur zombies (Ossuary)
  2 human zombies (Ossuary)
  A bombardier beetle (D:3)
  A jelly (D:6)
  Jessica (D:3)
  4 orc wizards
  2 sleepcaps
  5 hound zombies (Ossuary)
  2 mummies (Ossuary)
  3 gnolls
  7 adders
  5 adder zombies (Ossuary)
  2 dart slugs (D:1)
  2 ribbon worms
  18 orcs
  12 endoplasms
  7 giant cockroaches (D:1)
  8 hobgoblins
  13 jackals
  4 quokkas
  9 ball pythons
  13 bats
  3 frilled lizards
  7 gnoll zombies (Ossuary)
  3 goblins
  6 jackal zombies (Ossuary)
  4 kobolds
  4 kobold zombies (Ossuary)
  5 orc zombies (Ossuary)
  6 rats
169 creatures vanquished.

Vanquished Creatures (collateral kills)
  An orc wizard (D:6)
1 creature vanquished.

Grand Total: 170 creatures vanquished

Table legend: (Time is in decaauts)
 A = Elapsed time spent in this place.
 B = Non-inter-level travel time spent in this place.
 C = Inter-level travel time spent in this place.
 D = Time resting spent in this place.
 E = Time spent auto-exploring this place.
 F = Levels seen in this place.
 G = Mean time per level.
                   A        B        C        D        E       F      G
               +--------+--------+--------+--------+--------+-----+--------+
         Total |   5764 |   5641 |    123 |    168 |   4010 |   7 |  823.4 |
       Dungeon |   5352 |   5229 |    123 |    168 |   3877 |   6 |  892.0 |
       Ossuary |    412 |    412 |      0 |      0 |    133 |   1 |  412.0 |
               +--------+--------+--------+--------+--------+-----+--------+

Top non-repeatable levels by time:
     D:1: 1232 daAuts
     D:3: 1177 daAuts
     D:4: 1152 daAuts
     D:2: 992 daAuts
     D:6: 429 daAuts
 Ossuary: 412 daAuts
     D:5: 367 daAuts

Table legend:
 A = Non-vault XP
 B = Vault XP
 C = Vault XP percentage of total XP
 D = Non-vault monster count
 E = Vault monster count
 F = Vault count percentage of total count
                 A         B        C        D         E       F
            +---------+---------+-------+---------+---------+-------
      Total |    1200 |     777 |  39.3 |     122 |      48 |  28.2
            +---------+---------+-------+---------+---------+-------
        D:1 |     111 |      11 |   9.0 |      43 |       5 |  10.4
        D:2 |      64 |       0 |   0.0 |      19 |       0 |   0.0
        D:3 |     140 |      37 |  20.9 |      20 |       1 |   4.8
        D:4 |     271 |       2 |   0.7 |      23 |       1 |   4.2
        D:5 |     195 |       0 |   0.0 |       6 |       0 |   0.0
        D:6 |     419 |     233 |  35.7 |      11 |       2 |  15.4
    Ossuary |       0 |     494 | 100.0 |       0 |      39 | 100.0
            +---------+---------+-------+---------+---------+-------
